 Dungeon Crawl Stone Soup version 0.30.1-3-gfc49f6343a (webtiles) character file.

Game seed: 8670493760147478696

420 ANON1729 the Trooper (level 6, -5/56 HPs)
             Began as a Minotaur Monk on Aug 9, 2023.
             Was a Follower of Uskayaw.
             Slain by a sixfirhy (6 damage)
             ... summoned by a kobold demonologist
             ... on level 5 of the Dungeon.
             The game lasted 00:02:00 (4549 turns).

ANON1729 the Trooper (Minotaur Monk)                Turns: 4549, Time: 00:02:01

Health: -5/56      AC:  4    Str: 16      XL:     6   Next: 62%
Magic:  16/16      EV: 13    Int: 13      God:    Uskayaw [*.....]
Gold:   339        SH:  0    Dex: 13 (14) Spells: 5/5 levels left

rFire   . . .        o - +1 dagger (flame)
rCold   + . .        d - orb {light}
rNeg    . . .        b - +0 robe
rPois   .            (helmet restricted)
rElec   .            y - +0 cloak
rCorr   .            v - +0 pair of gloves
SInv    .            (no boots)
Will    .....        (no amulet)
Stlth   +            m - ring of Amelioration {rC+ MP+9}
HPRegen 0.29/turn    s - +6 ring of intelligence
MPRegen 0.15/turn

%: no passive effects
@: glowing
A: horns 2, retaliatory headbutt
a: Renounce Religion, Stomp


You were on level 5 of the Dungeon.
You worshipped Uskayaw.
Uskayaw was noncommittal.
You visited 2 branches of the dungeon, and saw 6 of its levels.

You collected 339 gold pieces.

Inventory:

Hand Weapons
 a - a +0 short sword
 o - a +1 dagger of flaming (weapon)
Missiles
 p - 5 curare-tipped darts (quivered)
Armour
 b - a +0 robe (worn)
 d - an orb of light (worn)
 v - a +0 pair of gloves (worn)
 y - a +0 cloak (worn)
Jewellery
 m - the ring of Amelioration (left hand) {rC+ MP+9}
   (You found it on level 2 of the Dungeon)

   [ring of magical power]

   rC:        It protects you from cold.
   MP:        It affects your magic capacity (+9).
 n - a ring of ice
 s - a +6 ring of intelligence (right hand)
Scrolls
 e - 3 scrolls of enchant armour {unknown}
 f - 3 scrolls of teleportation {unknown}
 g - a scroll of vulnerability {unknown}
 i - 2 scrolls of amnesia {unknown}
 k - a scroll of blinking {unknown}
 l - 7 scrolls of identify {unknown}
 r - a scroll of fear {unknown}
 u - a scroll of immolation {unknown}
 w - a scroll of torment {unknown}
Potions
 c - 3 potions of ambrosia
 h - a potion of haste {unknown}
 j - a potion of heal wounds {unknown}
 q - a potion of curing {unknown}
 t - a potion of lignification {unknown}
 x - a potion of attraction {unknown}


   Skills:
 + Level 5.2 Fighting
 + Level 4.6 Short Blades
 + Level 3.4 Armour
 + Level 4.7 Dodging
 + Level 2.8 Invocations


You had 5 spell levels left.
You didn't know any spells.
Your spell library contained the following spells:

 Spells                   Type           Power      Damage    Failure   Level
 Freeze                   Ice            0%         1d3       30%         1
 Frozen Ramparts          Ice            0%         1d1       67%         3
 Hailstorm                Conj/Ice       0%         3d3       67%         3
 Leda's Liquefaction      Hex/Erth       0%         N/A       97%         4
 Lee's Rapid Deconstruct  Erth           0%         3d4*      100%        5
 Statue Form              Tmut/Erth      0%         N/A       100%        6


Dungeon Overview and Level Annotations

Branches:
Dungeon (5/15)             Temple (1/1) D:4

Altars:
Ashenzari
Cheibriados
Dithmenos
Elyvilon
Gozag
Hepliaklqana
Makhleb
Nemelex Xobeh
Okawaru
Qazlal
Ru
Sif Muna
Trog
Uskayaw
Vehumet
Wu Jian
Xom
Yredelemnul
Zin


Innate Abilities, Weirdness & Mutations

You have a pair of horns on your head.
You reflexively headbutt those who attack you in melee.


Message History

Your unstable footing causes you to fumble your attack.
The chaos spawn hits you but does no damage.
The quasit bites you.
You feel clumsy. The quasit claws you.
The quasit claws you but does no damage.
You hit the chaos spawn but do no damage.
You headbutt the chaos spawn.
The chaos spawn is lightly wounded.
The sixfirhy hits you but does no damage.
The quasit closely misses you. You furiously retaliate!
You headbutt the quasit. The quasit closely misses you. x2
The sixfirhy hits you! The sixfirhy shocks you!
You are too injured to fight recklessly!
You are too injured to fight recklessly!
You are too injured to fight recklessly!
You are too injured to fight recklessly!
You are too injured to fight recklessly!
You are too injured to fight recklessly!
You are too injured to fight recklessly!
You are too injured to fight recklessly!
You are too injured to fight recklessly!
You are too injured to fight recklessly!
You are too injured to fight recklessly!
You are too injured to fight recklessly!
You are too injured to fight recklessly!
You are too injured to fight recklessly!
You are too injured to fight recklessly!
You are too injured to fight recklessly!
You are too injured to fight recklessly!
You are too injured to fight recklessly!
Unknown command.
Unknown command.
The sixfirhy attacks as you move away! The sixfirhy barely misses you.
You furiously retaliate!
You headbutt the sixfirhy. The sixfirhy hits you.
* * * LOW HITPOINT WARNING * * *
The sixfirhy shocks you!
* * * LOW HITPOINT WARNING * * *
The sixfirhy misses you. The sixfirhy hits you.
You die...

#.###
#..
#...<..
#8.8#
##.
######.
###.# .
## #.##
#.# #
#.# #?#
#.##
###@#
#~3~#
#.5.#
#.._K4
#.....#
##..?##
#####


You could see a kobold demonologist, a sixfirhy (summoned), a chaos spawn
(summoned) and a quasit (summoned).

Vanquished Creatures
  A scorpion (D:4)
  A hound (D:3)
  A sleepcap (D:4)
  An orc wizard (D:4)
  12 gnolls
  9 adders
  2 dart slugs (D:1)
  4 orcs
  7 bats
  7 endoplasms
  A giant cockroach (D:4)
  10 goblins
  7 hobgoblins
  3 jackals (D:2)
  2 quokkas
  4 ball pythons
  6 frilled lizards
  A kobold (D:2)
  8 rats
87 creatures vanquished.

Notes
Turn   | Place    | Note
-------+----------+-------------------------------------------
     0 | D:1      | ANON1729 the Minotaur Monk began the quest for the Orb.
     0 | D:1      | Reached XP level 1. HP: 19/19 MP: 0/0
    94 | D:1      | Reached XP level 2. HP: 21/27 MP: 1/1
   249 | D:1      | Reached skill level 1 in Armour
   251 | D:1      | Reached skill level 4 in Fighting
   311 | D:1      | Reached XP level 3. HP: 33/33 MP: 2/2
   334 | D:1      | Reached skill level 1 in Invocations
   854 | D:2      | Reached XP level 4. HP: 40/40 MP: 2/4
  1177 | D:2      | Identified the ring of Amelioration {rC+ MP+9}
  1697 | D:3      | Reached XP level 5. HP: 47/47 MP: 5/5
  1703 | D:3      | Found a glowing silver altar of Zin.
  1778 | D:3      | Found a shadowy altar of Dithmenos.
  1781 | D:3      | Found a white marble altar of Elyvilon.
  1782 | D:3      | Found a basalt altar of Yredelemnul.
  2720 | D:4      | Found an opulent altar of Gozag.
  2753 | D:4      | Reached XP level 6. HP: 16/55 MP: 6/6
  3068 | D:4      | Found a staircase to the Ecumenical Temple.
  3087 | Temple   | Entered the Ecumenical Temple
  3416 | Temple   | Became a worshipper of Uskayaw the Reveller
  3416 | Temple   | Reached * piety under Uskayaw
  3437 | D:4      | Reached ** piety under Uskayaw
  3444 | D:4      | Reached skill level 5 in Fighting
  4281 | D:4      | Found an ornate altar of the Wu Jian Council.
  4475 | D:5      | Entered Level 5 of the Dungeon
  4540 | D:5      | Noticed a kobold demonologist
  4543 | D:5      | Noticed a chaos spawn
  4543 | D:5      | Found a faded altar of an unknown god.
  4543 | D:5      | Found the Hermit's Pendant {Faith Invo=14 Evo=0 MP+5}
  4547 | D:5      | Noticed a sixfirhy
  4549 | D:5      | HP: 1/56 [sixfirhy[a kobold demonologist] (11)]
  4549 | D:5      | Slain by a sixfirhy

Illustrated notes

Levels and vault maps discovered:
D:1:      scummos_arrival_hexagon, layout_rooms, grunt_decor_mini_mirrors
D:2:      layout_basic, minmay_heptomino_l4
D:3:      layout_basic, nicolae_overflow_hidden_temple, zin_academy,
          minmay_fractal_squares_gapless_5
D:4:      layout_basic, mainiacjoe_overflow_boulevard,
          overflow_temple_1_default, minmay_temple_entry_mist,
          serial_co_window_serial, co_window_paths_a, co_window_paths_b,
          co_window_paths_a, co_window_corner_a, co_window_paths_a,
          co_window_corner_b, co_window_corner_b, co_window_of_opportunity_b,
          co_window_corner_b, co_window_cross_2, glass_columns_b,
          glass_columns_a, glass_columns_a, glass_columns_b
D:5:      layout_loops_ring, lemuel_crystal_altar,
          hellmonk_guarded_unrand_hermit
Temple:   dpeg_chambers_temple

Skill      XL: |  1  2  3  4  5  6 |
---------------+-------------------+-----
Armour         | 1 2 3 |  3.4
Fighting       | 4 5 |  5.2
Invocations    | 1 2 |  2.8
Dodging        | 4 |  4.7
Short Blades   | 4 |  4.6

Action                     |  1- 3 |  4- 6 || total
---------------------------+-------+-------++-------
  Melee: Short sword       |    87 |    34 ||   121
         Headbutt          |    17 |    43 ||    60
         Dagger            |       |   120 ||   120
 Armour: Robe              |     9 |    22 ||    31
  Dodge: Dodged            |    45 |    90 ||   135
